 Dungeon Crawl Stone Soup version 0.27-a0-1384-g1422d76b99 (webtiles) character file.

Game seed: 14218511407333392343

15324 tilp the Summoner (level 12, -5/88 HPs)
             Began as a Barachi Summoner on June 30, 2021.
             Was the Champion of Okawaru.
             Slain by a black mamba (12 damage)
             ... on level 2 of the Lair of Beasts.
             The game lasted 00:35:47 (23499 turns).

tilp the Summoner (Barachi Summoner)               Turns: 23499, Time: 00:35:48

Health: -5/88      AC: 12    Str: 14    XL:     12   Next: 25%
Magic:  20/24      EV: 16    Int: 15    God:    Okawaru [******]
Gold:   827        SH:  5    Dex: 14    Spells: 10/27 levels left

rFire    . . .     SeeInvis .   a - +1 halberd (elec)
rCold    . . .     Faith    .   (shield currently unavailable)
rNeg     . . .     Spirit   .   M - +3 ring mail {Will+}
rPois    .         Reflect  +   N - +1 hat
rElec    .         Harm     .   z - +2 cloak
rCorr    .         Rampage  .   (no gloves)
Will     ++...                  (no boots)
Stlth    ++........             v - amulet of reflection
HPRegen  0.24/turn              d - ring of willpower
MPRegen  0.19/turn              t - +4 ring of evasion

@: lethally poisoned (-5 -> -24), unable to hop, slow
A: amphibious, slowness 1, strong legs 1, +LOS
a: Hop, Renounce Religion, Heroism, Finesse


You were on level 2 of the Lair of Beasts.
You worshipped Okawaru.
Okawaru was exalted by your worship.
You visited 3 branches of the dungeon, and saw 15 of its levels.

You collected 827 gold pieces.

Inventory:

Hand Weapons
 a - a +1 halberd of electrocution (weapon)
 b - a +2 whip of holy wrath
 s - a +0 trident
 u - a +0 morningstar
 T - a +6 battleaxe of distortion
Missiles
 g - 13 datura-tipped darts
 q - 48 poisoned darts (quivered)
 y - a curare-tipped dart
Armour
 z - a +2 cloak (worn)
 D - a +0 buckler
 M - a +3 ring mail of willpower (worn)
 N - a +1 hat (worn)
Jewellery
 c - a +6 ring of intelligence
 d - a ring of willpower (left hand)
 i - an amulet of magic regeneration
 t - a +4 ring of evasion (right hand)
 v - an amulet of reflection (around neck)
 A - a ring of resist corrosion
 C - a ring of fire
 J - the ring "Ares" {rC+++ Will- rCorr Str-5 Int+6}
   (You found it on level 8 of the Dungeon)

   [ring of intelligence]

   Str:       It affects your strength (-5).
   Int:       It affects your intelligence (+6).
   rC:        It renders you almost immune to cold.
   rCorr:     It protects you from acid and corrosion.
   Will:      It decreases your willpower.
 S - a ring of poison resistance
 U - a ring of protection from cold
Wands
 f - a wand of polymorph (10)
 j - a wand of mindburst (8)
 m - a wand of digging (4)
 o - a wand of flame (47)
 B - a wand of acid (2)
 Q - a wand of iceblast (7)
Scrolls
 k - 2 scrolls of amnesia
 n - 6 scrolls of immolation
 p - a scroll of teleportation
 w - a scroll of acquirement
 E - 3 scrolls of enchant armour
 K - 2 scrolls of enchant weapon
 L - a scroll of holy word
 O - 4 scrolls of identify
Potions
 e - 3 potions of berserk rage
 h - 4 potions of curing
 l - 3 potions of mutation
 r - 6 potions of heal wounds
 x - a potion of lignification
 F - a potion of haste
 G - a potion of invisibility
 H - 2 potions of might
 P - 2 potions of resistance
Miscellaneous
 I - a phial of floods


   Skills:
 - Level 6.0 Fighting
 - Level 6.0 Polearms
 - Level 4.0 Dodging
 - Level 4.0 Stealth
 - Level 8.0 Spellcasting
 * Level 14.9 Summonings
 - Level 4.0 Ice Magic
 - Level 4.0 Air Magic
 - Level 6.0 Invocations
 - Level 4.0 Evocations


You had 10 spell levels left.
You knew the following spells:

 Your Spells              Type           Power      Damage    Failure   Level
a - Summon Small Mammal   Summ           100%       N/A       1%          1
b - Call Imp              Summ           50%        N/A       1%          2
c - Call Canine Familiar  Summ           50%        N/A       1%          3
d - Summon Guardian Gole  Hex/Summ       28%        N/A       3%          3
e - Summon Ice Beast      Ice/Summ       34%        N/A       4%          4
f - Summon Lightning Spi  Summ/Air       34%        N/A       4%          4

Your spell library contained the following spells:

 Spells                   Type           Power      Damage    Failure   Level
 Foxfire                  Conj/Fire      24%        2x1d5     24%         1
 Conjure Flame            Conj/Fire      6%         6-21      58%         3
 Inner Flame              Hex/Fire       6%         N/A       58%         3
 Sticky Flame             Conj/Fire      6%         2d3       94%         4
 Fireball                 Conj/Fire      3%         3d4       100%        5


Dungeon Overview and Level Annotations

Branches:
Dungeon (11/15)            Temple (1/1) D:5            Lair (3/6) D:8
  Swamp (0/4) Lair:2          Orc (0/2) D:11
  Snake: Lair:2-4    Spider: Lair:2-4

Altars:
Ashenzari
Cheibriados
Dithmenos
Elyvilon
Fedhas
Gozag
Hepliaklqana
Kikubaaqudgha
Makhleb
Nemelex Xobeh
Okawaru
Qazlal
Ru
Sif Muna
Trog
Uskayaw
Vehumet
Wu Jian
Xom
Yredelemnul
Zin
The Shining One

Portals:
Trove: D:11 (give 3 potions of resistance)

Annotations:
D:9 Prince Ribbit, Psyche
D:11 dig vault w unseen horror, trove (3 res pots), exclusion: obsidian statue
Lair:1 exclusions: black mamba and hydra


Innate Abilities, Weirdness & Mutations

You are amphibious.
You cover ground slowly.
You can hop short distances.
You have an extended range of vision and can be seen from far away.


Message History

You feel extremely sick.
The cane toad stings the plant!
The plant begins to die.
You block the black mamba's attack.
There is a stone staircase leading up here.
Unknown command.
You feel better.
The black mamba bites you but does no damage. x2
Unknown command.
Unknown command.
Okay, then.
You block the black mamba's attack.
Found a shiny cabochon ring.
The black mamba bites you but does no damage.
A nearby plant withers and dies.
You block the black mamba's attack. The black mamba misses you.
Blink to where?
Press: ? - help, Dir - move target
As you read the scroll of blinking, it crumbles to dust.
The black mamba bites you.
* * * LOW HITPOINT WARNING * * *
You climb upwards.
There is a stone staircase leading down here.
Unknown command.
Casting: Summon Ice Beast (dangerous; 4% risk of failure)
Confirm with . or Enter, or press ? or * to list all spells.
A chill wind blows around you. The black mamba bites you.
* * * LOW HITPOINT WARNING * * *
You block the black mamba's attack.
Unknown command.
You barely miss the black mamba. The black mamba misses you.
The black mamba bites you but does no damage.
Your ice beast misses the black mamba.
Unknown command.
You hit the black mamba.
The black mamba is lightly wounded.
The black mamba bites you!
* * * LOW HITPOINT WARNING * * *
You are lethally poisoned!
The black mamba poisons you! The black mamba bites you!
You die...

......########..........#
......# ##..........#
##....# #..#.###.#..#
♣#....# #..### ####.#
♣#....# #...# #..# ♣#....#
##..# ##.# .#....# ###.##
#####.#
.#....######....###.#P#.##
.#..............@........#
.....P#.##.......S......##
)....#####P.....Y........#
.....# ##.....#.##....##
.#...## #......###.....#
.#...P# #.....#.##....##
.#....# #.....###.....###
♣#...## #.....###.....#.#
♣#...# ##......###.....##


You could see a black mamba (ally target) and a friendly ice beast (summoned).

Vanquished Creatures
  A two-headed ogre (D:8)
  2 death yaks (Lair:2)
  Nergalle (D:10)
  Maurice (D:8)
  A centaur zombie (D:11)
  2 cane toads (Lair:2)
  A torpor snail (Lair:3)
  A rime drake (Lair:2)
  A kobold demonologist (D:11)
  A komodo dragon (Lair:1)
  A troll (D:7)
  3 blink frogs (Lair:2)
  5 yaks
  Edmund (D:6)
  4 water moccasins
  Purgy (D:4)
  2 ice beasts
  4 orc warriors
  A sky beast (D:8)
  6 centaurs
  2 wolves
  4 bullfrogs
  2 gnoll sergeants
  Dowan (D:6)
  4 howler monkeys
  2 bullfrog zombies (D:6)
  2 hounds (D:6)
  A jelly (D:8)
  2 orc priests
  Jessica (D:3)
  3 orc wizards
  2 howler monkey zombies
  8 gnolls
  An adder (D:2)
  2 white imps (D:5)
  An ufetubus (D:5)
  An adder skeleton (D:4)
  A dart slug (D:4)
  18 orcs
  2 ball pythons
  3 bats
  3 endoplasms
  4 giant cockroaches
  4 goblins
  2 hobgoblins
  6 jackals
  3 kobolds
  2 quokkas (D:2)
  A frilled lizard (D:3)
  6 rats
134 creatures vanquished.

Vanquished Creatures (collateral kills)
  5 hydras
  A centaur warrior (D:8)
  2 death yaks (Lair:2)
  A two-headed ogre (D:9)
  A black mamba (Lair:3)
  2 cane toads (Lair:2)
  A kobold demonologist (D:11)
  3 komodo dragons
  A troll (D:10)
  2 blink frogs (Lair:2)
  A wyvern (Lair:2)
  Sigmund (D:4)
  A shadow (D:10)
  10 yaks
  A steam dragon (D:8)
  4 water moccasins
  An orc warrior (D:10)
  An ice beast (D:7)
  Duvessa (D:6)
  A black bear (Lair:2)
  5 wolves (Lair:1)
  2 kobold brigands
  2 bullfrogs
  A scorpion (D:7)
  A howler monkey (D:8)
  A centaur skeleton (D:5)
  A hound (D:7)
  2 orc priests (D:10)
  Crazy Yiuf (D:2)
  An iguana (D:5)
  2 orc wizards
  A scorpion zombie (D:3)
  A killer bee zombie (D:7)
  A hound zombie (D:3)
  6 adders
  6 gnolls
  A dart slug (D:5)
  19 orcs
  3 ball pythons
  An endoplasm (D:3)
  2 giant cockroaches
  A goblin (D:3)
  3 hobgoblins
  A jackal (D:3)
  2 quokkas (D:5)
  A bat (D:1)
  3 frilled lizards
  9 kobolds
  A rat (D:1)
122 creatures vanquished.

Vanquished Creatures (others)
  11 fungi
  35 plants
  4 toadstools (D:1)
50 creatures vanquished.

Grand Total: 306 creatures vanquished

Notes
Turn   | Place    | Note
-------+----------+-------------------------------------------
     0 | D:1      | tilp the Barachi Summoner began the quest for the Orb.
     0 | D:1      | Reached XP level 1. HP: 13/13 MP: 3/3
   369 | D:1      | Reached skill level 1 in Fighting
   900 | D:1      | Reached XP level 2. HP: 22/22 MP: 5/5
   903 | D:1      | Learned a level 2 spell: Call Imp
  1669 | D:1      | Found a faded altar of an unknown god.
  2203 | D:2      | Reached skill level 5 in Summonings
  2583 | D:2      | Reached XP level 3. HP: 26/27 MP: 3/6
  2832 | D:2      | Learned a level 3 spell: Call Canine Familiar
  3566 | D:2      | Found a runed translucent door.
  3567 | D:2      | Noticed Crazy Yiuf
  3674 | D:3      | Reached XP level 4. HP: 30/33 MP: 8/8
  3742 | D:3      | Reached skill level 6 in Summonings
  4294 | D:3      | Reached XP level 5. HP: 39/39 MP: 7/9
  4296 | D:3      | Noticed Jessica
  4303 | D:3      | Killed Jessica
  5351 | D:4      | Noticed Sigmund
  5363 | D:4      | Killed Sigmund
  5364 | D:4      | Reached XP level 6. HP: 12/47 MP: 4/10
  5608 | D:4      | Noticed Purgy
  5857 | D:5      | Entered Level 5 of the Dungeon
  6166 | D:5      | Found a staircase to the Ecumenical Temple.
  6179 | Temple   | Entered the Ecumenical Temple
  6276 | Temple   | Became a worshipper of Warmaster Okawaru
  6407 | D:5      | Found a radiant altar of Vehumet.
  7270 | D:5      | Identified a scroll of acquirement
  7316 | D:6      | Noticed Duvessa
  7360 | D:6      | Found a burning altar of Makhleb.
  7369 | D:6      | Reached XP level 7. HP: 49/54 MP: 11/11
  7373 | D:6      | Learned a level 3 spell: Summon Guardian Golem
  7407 | D:6      | Noticed Edmund
  7599 | D:6      | Noticed Dowan
  8072 | D:6      | Reached * piety under Okawaru
  8153 | D:6      | Found a sparkling altar of Nemelex Xobeh.
  8161 | D:6      | Found a glowing silver altar of Zin.
  8500 | D:5      | Reached skill level 7 in Summonings
  8612 | D:2      | Killed Crazy Yiuf
  8802 | D:6      | Killed Duvessa
  8810 | D:6      | Killed Dowan
  8933 | D:7      | Reached skill level 8 in Summonings
  8933 | D:7      | Reached skill level 1 in Invocations
  8933 | D:7      | Reached XP level 8. HP: 60/60 MP: 11/14
  9003 | D:7      | Reached skill level 1 in Polearms
  9377 | D:7      | Noticed a troll
  9406 | D:7      | Reached ** piety under Okawaru
  9584 | D:7      | Killed a troll
 10559 | D:8      | Noticed Maurice
 10597 | D:8      | Killed Maurice
 10597 | D:8      | Reached *** piety under Okawaru
 10598 | D:8      | Reached skill level 1 in Evocations
 10598 | D:8      | Reached XP level 9. HP: 13/66 MP: 11/15
 11113 | D:8      | Reached skill level 5 in Polearms
 11144 | D:8      | Found a shimmering blue altar of Sif Muna.
 11145 | D:8      | Found a broken altar of Ashenzari.
 11251 | D:8      | Noticed a two-headed ogre
 11264 | D:8      | Killed a two-headed ogre
 11264 | D:8      | Reached **** piety under Okawaru
 11265 | D:8      | Reached skill level 5 in Fighting
 11265 | D:8      | Reached skill level 5 in Invocations
 11563 | D:8      | Found an ornate altar of the Wu Jian Council.
 11604 | D:8      | Identified the ring "Ares" {rC+++ Will- rCorr Str-5 Int+6}
 11688 | D:8      | Found a staircase to the Lair.
 11688 | D:8      | Noticed a komodo dragon
 11703 | D:8      | Killed a komodo dragon
 11959 | D:8      | Noticed a centaur warrior
 11971 | D:8      | Killed a centaur warrior
 11972 | D:8      | Reached XP level 10. HP: 33/76 MP: 9/16
 11977 | D:8      | Learned a level 4 spell: Summon Ice Beast
 12250 | D:8      | Received a gift from Okawaru
 12732 | D:9      | Noticed a two-headed ogre
 12754 | D:9      | Killed a two-headed ogre
 12755 | D:9      | Reached skill level 9 in Summonings
 12755 | D:9      | Reached skill level 1 in Ice Magic
 13893 | D:9      | Noticed Psyche
 14488 | D:9      | Noticed Prince Ribbit
 14820 | D:4      | Killed Purgy
 14999 | D:10     | Entered Level 10 of the Dungeon
 15211 | D:10     | Found a hazy altar of Hepliaklqana.
 15230 | D:10     | Reached skill level 5 in Spellcasting
 15592 | D:10     | Noticed Nergalle
 15616 | D:10     | Killed Nergalle
 15616 | D:10     | Reached ***** piety under Okawaru
 15617 | D:10     | Reached skill level 10 in Summonings
 16673 | D:11     | Noticed a kobold demonologist
 16922 | D:11     | Noticed an obsidian statue
 16934 | D:11     | Noticed a kobold demonologist
 16954 | D:11     | Noticed a smoke demon
 16954 | D:11     | Killed a kobold demonologist
 17600 | D:11     | Killed a kobold demonologist
 17666 | D:11     | Reached skill level 11 in Summonings
 17798 | D:11     | Learned a level 4 spell: Summon Lightning Spire
 17849 | D:11     | Found a staircase to the Orcish Mines.
 17999 | D:11     | Identified the +0 robe "Abeucapn" {rF+ Int+3}
 18222 | D:11     | Found a portal to a secret trove of treasure.
 18438 | D:6      | Killed Edmund
 18439 | D:6      | Reached skill level 1 in Air Magic
 18439 | D:6      | Reached XP level 11. HP: 71/81 MP: 20/20
 18547 | Lair:1   | Entered Level 1 of the Lair of Beasts
 18842 | Lair:1   | Noticed an eight-headed hydra
 19695 | Lair:2   | Found a staircase to the Swamp.
 19791 | Lair:2   | Reached skill level 12 in Summonings
 19912 | Lair:2   | Noticed a death yak
 19913 | Lair:2   | Noticed a death yak
 19913 | Lair:2   | Noticed a death yak
 20304 | Lair:2   | Noticed a four-headed hydra
 20314 | Lair:2   | Reached ****** piety under Okawaru
 20319 | Lair:2   | Killed a four-headed hydra
 20319 | Lair:2   | Received a gift from Okawaru
 20328 | Lair:2   | Noticed a five-headed hydra
 21010 | Lair:1   | Killed a five-headed hydra
 21314 | Lair:2   | Noticed a four-headed hydra
 21323 | Lair:2   | Killed a four-headed hydra
 21324 | Lair:2   | Reached skill level 13 in Summonings
 21498 | Lair:2   | Noticed a death yak
 21524 | Lair:2   | Killed a death yak
 21524 | Lair:2   | Received a gift from Okawaru
 21533 | Lair:2   | Killed a death yak
 22317 | Lair:2   | Noticed a four-headed hydra
 22333 | Lair:2   | Killed a four-headed hydra
 22334 | Lair:2   | Reached XP level 12. HP: 71/88 MP: 0/24
 22579 | Lair:2   | Killed a death yak
 22579 | Lair:2   | Received a gift from Okawaru
 22580 | Lair:2   | Reached skill level 14 in Summonings
 22585 | Lair:2   | Killed a death yak
 23333 | Lair:3   | Noticed a four-headed hydra
 23350 | Lair:3   | Killed a four-headed hydra
 23499 | Lair:2   | Slain by a black mamba

Illustrated notes

Levels and vault maps discovered:
D:1:      ldierk_water_garden, layout_basic,
          shapermc_ecumenical_altar_mp_urbaneastern, serial_park_tiny_2
D:2:      layout_basic, uniq_crazy_yiuf_cottage
D:3:      layout_rooms, hex_intersection, st_stairs_2, supply_closet_lemuel,
          corexii_corridor_pit, minmay_fractal_squares_diagonal_5, uniq_jessica
D:4:      layout_loops_cross, uniq_sigmund, uniq_purgy
D:5:      layout_layer_cave, nicolae_vehumet_radiance,
          minmay_temple_entry_large_hall, serial_bayou_ford_a
D:6:      layout_loops_ring, marbit_many_paths, minitemple, uniq_duvessa,
          uniq_edmund
D:7:      layout_basic
D:8:      layout_basic, gammafunk_temple_overflow_pools, kennysheep_mini_moat,
          david_lair_shrubbed, uniq_maurice
D:9:      layout_stronghold, uniq_prince_ribbit1, uniq_psyche
D:10:     layout_layer_cave, nicolae_hepliaklqana_hazy_memory,
          grunt_decor_arrowhead, palyth_stone_intersect, minmay_statues_item,
          uniq_nergalle
D:11:     layout_rooms, nicolae_trove_entry_columns, serial_glass,
          glass_columns_c, glass_columns_a, glass_columns_c, glass_columns_b,
          due_unseen_surprise, minmay_strange_pillars, minmay_strange_pillars,
          feat_on_display, corexii_corridor_pit, minivault_16
Temple:   jpeg_temple_clearing
Lair:1:   layout_roguey, chequers_serial_rivers_micro_e
Lair:2:   nzn_winding_woodlands_small [nzn_winding_woodlands_5x15_eye,
          nzn_winding_woodlands_center_pierced_h,
          nzn_winding_woodlands_5x15_crooked], layout_chaotic_city, swamp_mist
Lair:3:   layout_regular_city, minmay_snake_entry_six_corridors,
          amcnicky_mini_pool_medium, serial_bayou_shore_b

Skill      XL: |  1  2  3  4  5  6  7  8  9 10 11 12 |
---------------+-------------------------------------+-----
Fighting       | 1 2 3 4 6 |  6.0
Summonings     | 5 6 8 11 13 14 | 14.9
Spellcasting   | 3 4 6 8 |  8.0
Stealth        | 2 3 4 |  4.0
Dodging        | 3 4 |  4.0
Invocations    | 1 4 6 |  6.0
Polearms       | 4 6 |  6.0
Evocations     | 1 4 |  4.0
Ice Magic      | 4 |  4.0
Air Magic      | 1 4 |  4.0

Action                   |  1- 3 |  4- 6 |  7- 9 | 10-12 || total
-------------------------+-------+-------+-------+-------++-------
Melee: Unarmed           |     8 |       |       |       ||     8
       Whip              |    58 |   157 |    35 |       ||   250
       Spear             |    38 |       |       |       ||    38
       Halberd           |       |       |   159 |   306 ||   465
Throw: Dart              |       |     1 |     1 |       ||     2
 Cast: Summon Small Mamm |    30 |       |       |     1 ||    31
       Call Imp          |    21 |    44 |    34 |    23 ||   122
       Call Canine Famil |       |    15 |    26 |    21 ||    62
       Summon Ice Beast  |       |       |       |    77 ||    77
       Summon Guardian G |       |       |       |     5 ||     5
       Summon Lightning  |       |       |       |     9 ||     9
Invok: Heroism           |       |       |     3 |    13 ||    16
 Abil: Hop               |       |     2 |     3 |     5 ||    10
Evoke: Wand              |       |       |    10 |     2 ||    12
  Use: Scroll            |     3 |     7 |     4 |    13 ||    27
       Potion            |       |       |       |     4 ||     4
 Stab: Sleeping          |     2 |     1 |     2 |     6 ||    11
       Distracted        |       |     1 |     1 |     6 ||     8
Armor: Robe              |     4 |       |       |       ||     4
       Ring mail         |    33 |    74 |    45 |   114 ||   266
Dodge: Dodged            |    63 |    89 |   151 |   233 ||   536
Block: Other             |       |       |    29 |    85 ||   114
       Reflection        |       |       |     2 |     6 ||     8

Table legend: (Time is in decaauts)
 A = Elapsed time spent in this place.
 B = Non-inter-level travel time spent in this place.
 C = Inter-level travel time spent in this place.
 D = Time resting spent in this place.
 E = Time spent auto-exploring this place.
 F = Levels seen in this place.
 G = Mean time per level.
                   A        B        C        D        E       F      G
               +--------+--------+--------+--------+--------+-----+--------+
         Total |  25867 |  24085 |   1782 |   7795 |  13450 |  15 | 1724.5 |
       Dungeon |  20382 |  19009 |   1373 |   5788 |  11049 |  11 | 1852.9 |
        Temple |    148 |     79 |     69 |      0 |     77 |   1 |  148.0 |
          Lair |   5337 |   4998 |    339 |   2007 |   2323 |   3 | 1779.0 |
               +--------+--------+--------+--------+--------+-----+--------+

Top non-repeatable levels by time:
  Lair:2: 2738 daAuts
    D:10: 2675 daAuts
     D:9: 2435 daAuts
     D:8: 2410 daAuts
     D:1: 2355 daAuts
  Lair:1: 2051 daAuts
     D:5: 1846 daAuts
     D:7: 1846 daAuts
     D:6: 1659 daAuts
     D:2: 1646 daAuts
     D:3: 1447 daAuts
     D:4: 1110 daAuts
    D:11: 949 daAuts
  Lair:3: 547 daAuts
  Temple: 148 daAuts
